 Dungeon Crawl Stone Soup version 0.27.0-1-g7a089689b8 (webtiles) character file.

Game seed: 7196252627744459693

35 ABBCCCDDDD the Bolt Thrower (level 3, -1/28 HPs)
             Began as a Formicid Hunter on Aug 4, 2021.
             Killed by nerve-wracking pain
             ... invoked by an orc priest
              (7 damage)
             ... on level 3 of the Dungeon.
             The game lasted 00:09:33 (1292 turns).

ABBCCCDDDD the Bolt Thrower (Formicid Hunter)       Turns: 1292, Time: 00:09:33

Health: -1/28      AC: 12    Str: 17    XL:     3   Next: 55%
Magic:  3/3        EV:  7    Int: 10    God:
Gold:   36         SH:  0    Dex: 11    Spells: 2/2 levels left

rFire    . . .     SeeInvis +   b - +1 hand crossbow
rCold    . . .     Faith    .   (no shield)
rNeg     . . .     Spirit   .   l - +0 chain mail
rPois    .         Reflect  .   (helmet unavailable)
rElec    .         Harm     .   (no cloak)
rCorr    .         Rampage  .   (no gloves)
Will     .....                  (no boots)
Stlth    ..........             (no amulet)
HPRegen  0.09/turn              e - +4 ring of protection
MPRegen  0.08/turn              (no ring)

@: no status effects
A: permanent stasis, dig shafts and tunnels, antennae 3, four strong arms
a: Dig, Shaft Self


You were on level 3 of the Dungeon.
You visited 1 branch of the dungeon, and saw 4 of its levels.

You collected 56 gold pieces.
You spent 20 gold pieces at shops.

Inventory:

Hand Weapons
 a - a +0 war axe
 b - a +1 hand crossbow (weapon)
 o - a +0 short sword
 p - a +0 hand axe
Missiles
 d - 16 bolts (quivered ammo)
Armour
 c - a +0 leather armour
 f - a +0 ring mail
 l - a +0 chain mail (worn)
Jewellery
 e - a +4 ring of protection (left hand)
Scrolls
 j - a scroll of silence
 k - a scroll of teleportation {unknown}
 q - a scroll of amnesia {unknown}
Potions
 g - a potion of might
 h - 2 potions of curing
 i - a potion of degeneration {unknown}
 m - a potion of flight {unknown}
 n - a potion of magic {unknown}


   Skills:
 + Level 2.9 Fighting
 * Level 0.0 Axes
 - Level 4.0 Crossbows
 - Level 1.7 Dodging
 * Level 3.4 Stealth


You had 2 spell levels left.
You didn't know any spells.
Your spell library contained the following spells:

 Spells                   Type           Power      Damage    Failure   Level
 Conjure Flame            Conj/Fire      0%         6-21      100%        3
 Ignite Poison            Fire/Tmut/Pois 0%         N/A       100%        3
 Sticky Flame             Conj/Fire      0%         2d3       100%        4
 Summon Lightning Spire   Summ/Air       0%         N/A       100%        4
 Storm Form               Tmut/Air       0%         N/A       100%        7
 Maxwell's Capacitive Co  Air            0%         ∞         100%        8


Dungeon Overview and Level Annotations

Branches:
Dungeon (4/15)
 Temple: D:4-7

Altars:
Ashenzari

Shops:
D:1 ?


Innate Abilities, Weirdness & Mutations

You cannot be hasted, slowed, berserked, paralysed or teleported.
You can dig through walls and to a lower floor.
You have a pair of large antennae on your head. (SInv)
Your four strong arms can wield two-handed weapons with a shield.


Message History

The rat is moderately wounded.
The rat bites you but does no damage.
You hit the rat but do no damage.
The rat is moderately wounded.
The rat barely misses you.
You slash the rat!
You kill the rat!
No target in view!
Things that are here:
a +0 war axe; a +0 chain mail
p - a +0 war axe Adjust to which letter? (? for menu, Esc to quit)
a - a +0 war axe;
p - a +0 hand axe (weapon)
Unknown command.
You start resting.
HP restored.
You sense a monster nearby.
q - a scroll labelled ETUOBR SUDITSA
a - a +0 war axe (weapon)
b - a +1 hand crossbow (weapon)
An orc priest comes into view. It is wielding a +0 short sword.
You shoot a bolt. The bolt barely misses the orc priest.
The orc priest shouts!
You hear a shout!
You shoot a bolt. The bolt hits the orc priest.
The orc priest is lightly wounded.
An orc wizard comes into view. It is wielding a +0 dagger.
The orc shouts!
The orc priest calls down the wrath of Beogh upon you.
You barely resist.
The orc priest calls down the wrath of Beogh upon you.
Beogh smites you!
The orc priest calls down the wrath of Beogh upon you.
Beogh smites you!
* * * LOW HITPOINT WARNING * * *
A worm comes into view.
Found 16 arrows.
You see here a bat corpse.
The orc priest invokes the aid of Beogh against you.
Pain shoots through your body!
You die...

#......[........#
#..#............##
#....(............
#.................
#.#.#...o.........
###.....o....####...
#..........### #...
#.#.#.####o#########
#.#@..†...w.......
#.#.#......######.
#.#.######...(.
#.#.# .#.### #.#.. .
.# #.### . .. ## ##.
.#


You could see a worm, an orc priest, an orc wizard and an orc.

Vanquished Creatures
  A gnoll (D:4)
  A dart slug (D:1)
  2 orcs (D:3)
  3 endoplasms
  A giant cockroach (D:1)
  A hobgoblin (D:1)
  A quokka (D:1)
  A ball python (D:4)
  5 bats
  5 kobolds (D:1)
  3 rats
24 creatures vanquished.

Notes
Turn   | Place    | Note
-------+----------+-------------------------------------------
     0 | D:1      | ABBCCCDDDD the Formicid Hunter began the quest for the Orb.
     0 | D:1      | Reached XP level 1. HP: 16/16 MP: 1/1
   166 | D:1      | Reached XP level 2. HP: 23/23 MP: 2/2
   267 | D:1      | Found a faded altar of an unknown god.
   506 | D:1      | Found Keug's Magic Scroll Shoppe.
   517 | D:1      | Bought a scroll of identify for 20 gold pieces
   939 | D:2      | You fall into a shaft and drop 2 floors!
   939 | D:4      | Found a broken altar of Ashenzari.
  1067 | D:4      | Reached XP level 3. HP: 28/28 MP: 3/3
  1292 | D:3      | Killed from afar by an orc priest

Illustrated notes

Levels and vault maps discovered:
D:1:      roderic_crop_circles_arrival_small, layout_loops_corners,
          dreamdust_ecumenical_altar_statues, serial_shops, shop
D:2:      layout_loops_cross, hangedman_decor_push, serial_bayou_lagoon_a
D:3:      layout_basic, minmay_misc_feat_five, uniq_jessica
D:4:      layout_loops_ring, cheibrodos_ashenzari_chains,
          nemelex_diamond_rough_becter, minmay_temple_entry_proselytizer,
          gammafunk_ghost_necromancy

Skill      XL: |  1  2 |
---------------+-------+-----
Stealth        | 2 3 |  3.4
Fighting       | |  2.9
Crossbows      | |  4.0
Dodging        | |  1.7

Action                   || total
-------------------------++-------
Melee: Short sword       ||    34
       Hand axe          ||     9
 Fire: Hand crossbow     ||    12
  Use: Scroll            ||     4
 Stab: Sleeping          ||     4
Armor: Leather armour    ||     3
       Ring mail         ||     2
       Chain mail        ||    17
Dodge: Dodged            ||    17
